[Event "Titled Tuesday Blitz August 15 Late 2023"]
[White "Seletsky, Grigory"]
[Black "GaiozNigalidze"]
[WhiteFideId "14112191"]
[WhiteElo "2493"]
[BlackElo "2703"]
[Result "0-1"]
[Round "8"]
[TimeControl "180+1"]
[Date "2023.08.15"]
[WhiteClock "0:00:00"]
[BlackClock "0:00:10"]
[Board "64"]

1. d4 Nf6 2. Nf3 d5 3. c3 Bf5 4. Bf4 h6 5. e3 e6 6. h3 c5 7. Bxb8 Qxb8 8. Bb5+ Kd8 9. dxc5 Bxc5 10. Nbd2 a6 11. Ba4 Ke7 12. Bc2 Ne4 13. Nd4 Bg6 14. Nxe4 dxe4 15. Qg4 Qe5 16. O-O-O Rhd8 17. Nb3 Bb6 18. Rxd8 Rxd8 19. Rd1 Rxd1+ 20. Qxd1 Qh2 21. Qf1 Qc7 22. g3 f5 23. h4 Bf7 24. Nd4 g6 25. Qd1 e5 26. Nb3 a5 27. a3 Qd6 28. Qxd6+ Kxd6 29. Nd2 Bc7 30. b4 b6 31. Bb3 Be8 32. Kc2 Bb5 33. Bc4 Ba4+ 34. Bb3 Bb5 35. Bc4 Bd7 36. Bf1 Bc6 37. Kb3 Ke7 38. a4 f4 39. Bg2 f3 40. Bf1 Kf6 41. Bh3 h5 42. b5 Bb7 43. Kc2 Ke7 44. c4 Bd6 45. Nb1 Bb4 46. Nc3 Kd6 47. Kb3 Kc5 48. Be6 Kd6 49. Bf7 Bc8 50. Bxg6 Bg4 51. Bxe4 Kd7 52. Nd5 Be1 53. Nf6+ Ke6 54. Nxg4 hxg4 55. h5 Bxf2 56. h6 Kf6 57. c5 bxc5 58. b6 Bxe3 59. b7 c4+ 60. Kxc4 f2 61. Bg2 Ba7 62. Kb5 e4 63. Bf1 Bb8 64. Kxa5 Bxg3 65. Kb6 e3 66. a5 Be5 67. a6 g3 68. h7 Kg7 69. h8=Q+ Kxh8 70. a7 e2 71. b8=Q+ Kh7 0-1


[Site "https://www.chess.com"]

[Event "Titled Tuesday Blitz August 15 Late 2023"]
[White "Gubajdullin, Alexei"]
[Black "szachmistrz2500"]
[WhiteFideId "4141202"]
[WhiteElo "2681"]
[BlackElo "2493"]
[Result "1-0"]
[Round "8"]
[TimeControl "180+1"]
[Date "2023.08.15"]
[WhiteClock "0:00:26"]
[BlackClock "0:00:00"]
[Board "65"]

1. d4 c5 2. c3 e6 3. Nf3 b6 4. Bf4 Bb7 5. e3 Nf6 6. h3 d6 7. Be2 Nbd7 8. O-O Qc7 9. a4 Be7 10. Na3 a6 11. Nc4 Nd5 12. Bg3 f5 13. dxc5 Nxc5 14. Nd4 Kf7 15. Bf3 Ne4 16. Bxe4 Qxc4 17. Bd3 Qc5 18. e4 fxe4 19. Bxe4 g6 20. Qg4 Bc8 21. Qf3+ Kg7 22. b4 Qc7 23. Bxd5 exd5 24. Qxd5 Bd7 25. Rae1 Bf6 26. Bxd6 Qxc3 27. Ne6+ Bxe6 28. Rxe6 Rhe8 29. Rfe1 Qxe1+ 30. Rxe1 Rxe1+ 31. Kh2 Rd8 32. Qb7+ Kh8 33. Qf7 Bg7 34. Qc7 Bf6 35. f4 Re6 36. Be5 Rf8 37. Qd7 Rxe5 38. fxe5 Bxe5+ 39. Kg1 Bc3 40. Qd6 Re8 41. Qxb6 1-0


[Site "https://www.chess.com"]

[Event "Titled Tuesday Blitz August 15 Late 2023"]
[White "Goltsev, Dmitry"]
[Black "Merino Garcia, Rafael II"]
[WhiteFideId "24176710"]
[BlackFideId "2209128"]
[WhiteElo "2629"]
[BlackElo "2489"]
[Result "1-0"]
[Round "8"]
[TimeControl "180+1"]
[Date "2023.08.15"]
[WhiteClock "0:02:42"]
[BlackClock "0:02:00"]
[Board "66"]

1. e4 d6 2. Nf3 Nd7 3. Bc4 e6 4. Nc3 g6 5. h4 h6 6. d4 Bg7 7. Be3 a6 8. a4 b6 9. Qd2 Bb7 10. O-O-O Ne7 11. h5 g5 12. Nxg5 hxg5 13. Bxg5 f6 14. h6 Bf8 15. Qe2 fxg5 16. Qh5+ Ng6 17. Qxg6+ Ke7 18. Qxe6# 1-0


[Site "https://www.chess.com"]

[Event "Titled Tuesday Blitz August 15 Late 2023"]
[White "Nasir, Zehn"]
[Black "Jovic, Stanoje"]
[WhiteFideId "2613239"]
[BlackFideId "905020"]
[WhiteElo "2604"]
[BlackElo "2486"]
[Result "0-1"]
[Round "8"]
[TimeControl "180+1"]
[Date "2023.08.15"]
[WhiteClock "0:00:04"]
[BlackClock "0:00:56"]
[Board "67"]

1. d4 Nf6 2. Bf4 d5 3. e3 e6 4. Bd3 Bd6 5. Bg3 O-O 6. Nd2 b6 7. f4 c5 8. c3 Ba6 9. Bxa6 Nxa6 10. Ngf3 Nc7 11. Bh4 Be7 12. O-O Ne4 13. Bxe7 Qxe7 14. Ne5 Nxd2 15. Qxd2 f6 16. Nf3 a5 17. a4 Rfd8 18. Qc2 Rab8 19. f5 e5 20. dxe5 fxe5 21. e4 d4 22. f6 gxf6 23. Nh4 d3 24. Qf2 Ne6 25. Nf5 Qf8 26. Rad1 Kh8 27. Qe3 c4 28. Rf3 b5 29. axb5 Rxb5 30. Rd2 Rdb8 31. Qf2 Ng5 32. Re3 a4 33. h4 Ne6 34. Rg3 Nf4 35. Qa7 Ne2+ 36. Kh2 Nxg3 37. Kxg3 Rxb2 38. Rxb2 Rxb2 39. Qxa4 Qg8+ 40. Kh3 Qxg2# 0-1


[Site "https://www.chess.com"]

[Event "Titled Tuesday Blitz August 15 Late 2023"]
[White "Yeritsyan, Hayk"]
[Black "Mendez Fortes, Eduardo Jesus"]
[WhiteFideId "13307320"]
[BlackFideId "3502376"]
[WhiteElo "2486"]
[BlackElo "2600"]
[Result "0-1"]
[Round "8"]
[TimeControl "180+1"]
[Date "2023.08.15"]
[WhiteClock "0:00:37"]
[BlackClock "0:00:17"]
[Board "68"]

1. d4 Nf6 2. Nf3 d5 3. e3 e6 4. Bd3 c5 5. c3 b6 6. Nbd2 Bb7 7. Ne5 Be7 8. f4 O-O 9. Qf3 Nbd7 10. O-O h6 11. g4 Nxe5 12. fxe5 Nd7 13. Qh3 Kh8 14. Nf3 f6 15. g5 fxg5 16. Qxe6 Qe8 17. Bg6 Qd8 18. Bd3 Qe8 19. Bg6 Qd8 20. Bf5 Rxf5 21. Qxf5 Nf8 22. Bd2 Bc8 23. Qd3 a5 24. Rf2 g4 25. Ne1 Ne6 26. e4 cxd4 27. cxd4 Bb7 28. exd5 Qxd5 29. Ng2 Nxd4 30. Bc3 Nf3+ 31. Rxf3 Bc5+ 32. Kf1 Ba6 33. Qxa6 Qxf3+ 0-1


[Site "https://www.chess.com"]

[Event "Titled Tuesday Blitz August 15 Late 2023"]
[White "Pinheiro, Iung Alicio de O."]
[Black "brm72"]
[WhiteFideId "2104350"]
[WhiteElo "2592"]
[BlackElo "2477"]
[Result "0-1"]
[Round "8"]
[TimeControl "180+1"]
[Date "2023.08.15"]
[WhiteClock "0:00:00"]
[BlackClock "0:00:10"]
[Board "69"]

1. e4 c5 2. Nf3 Nc6 3. b4 d5 4. exd5 Qxd5 5. Nc3 Qe6+ 6. Be2 cxb4 7. Nb5 Qd7 8. a3 e5 9. axb4 Bxb4 10. Bb2 Nge7 11. Nxe5 Nxe5 12. Bxe5 O-O 13. Nc7 Nc6 14. Bg3 Rb8 15. Nb5 Ra8 16. c3 Be7 17. O-O a6 18. d4 b6 19. Nc7 Ra7 20. Nxa6 Bb7 21. Nc7 Rc8 22. Bg4 f5 23. Qb3+ Kh8 24. Rxa7 Nxa7 25. Qxb6 fxg4 26. Qxb7 Nc6 27. Re1 Bf6 28. d5 Ne7 29. c4 h5 30. Qb6 h4 31. Bf4 Ng6 32. Ne6 Rxc4 33. Be3 Kh7 34. Qa6 Qxd5 35. Nf4 Nxf4 36. Bxf4 Rxf4 37. Qa3 h3 38. gxh3 Rf3 0-1


[Site "https://www.chess.com"]

[Event "Titled Tuesday Blitz August 15 Late 2023"]
[White "Arencibia Monduy, Antonio"]
[Black "Isajevsky, Anton"]
[WhiteFideId "3507939"]
[BlackFideId "4142500"]
[WhiteElo "2472"]
[BlackElo "2588"]
[Result "0-1"]
[Round "8"]
[TimeControl "180+1"]
[Date "2023.08.15"]
[WhiteClock "0:00:00"]
[BlackClock "0:00:02"]
[Board "70"]

1. e4 c5 2. Nf3 d6 3. d3 g6 4. g3 Bg7 5. Bg2 Nc6 6. O-O Rb8 7. a4 e5 8. c3 Nge7 9. Na3 O-O 10. Nc4 h6 11. Re1 Be6 12. Ne3 Qd7 13. c4 f5 14. exf5 gxf5 15. Nh4 Nd4 16. Nd5 Nxd5 17. cxd5 Bf7 18. Be3 Kh7 19. f4 Bf6 20. Nf3 Rbe8 21. fxe5 dxe5 22. Rc1 b6 23. Nxd4 cxd4 24. Bd2 Bxd5 25. Bxd5 Qxd5 26. Qh5 Bg7 27. Rc7 Qe6 28. Rxe5 Qxe5 29. Qxh6+ Kg8 30. Qc6 Qe6 31. Qf3 Rf7 32. Rc6 Qe2 33. Qf4 Qxd3 34. Qg5 f4 35. gxf4 Qxd2 0-1


[Site "https://www.chess.com"]

[Event "Titled Tuesday Blitz August 15 Late 2023"]
[White "Bazilius, Augustinas"]
[Black "Vovk, Orest"]
[WhiteFideId "12832251"]
[BlackFideId "14113490"]
[WhiteElo "2474"]
[BlackElo "2564"]
[Result "1-0"]
[Round "8"]
[TimeControl "180+1"]
[Date "2023.08.15"]
[WhiteClock "0:00:36"]
[BlackClock "0:00:00"]
[Board "71"]

1. e4 g6 2. g3 Nf6 3. Bg2 d5 4. exd5 Nxd5 5. d4 Bg7 6. Ne2 O-O 7. c4 Nb4 8. a3 N4a6 9. b4 c5 10. bxc5 Nxc5 11. Nbc3 Ne6 12. d5 Nc5 13. Be3 Nba6 14. O-O Bg4 15. h3 Bxc3 16. hxg4 Bxa1 17. Qxa1 f6 18. g5 Qd7 19. Nd4 Rae8 20. Nb5 b6 21. d6 e5 22. gxf6 Rxf6 23. Bg5 Rf5 24. Bh3 Re6 25. Be7 Nb8 26. Bxf5 gxf5 27. Qd1 Nc6 28. Nc7 Nd4 29. Nxe6 Ncxe6 30. Qh5 Qc6 31. f4 e4 32. Bf6 e3 33. Bxd4 Nxd4 34. Qg5+ Kf7 35. Qe7+ Kg6 36. Qg5+ Kf7 37. Qe7+ Kg6 38. Qxe3 Qxd6 39. Qe5 1-0


[Site "https://www.chess.com"]

[Event "Titled Tuesday Blitz August 15 Late 2023"]
[White "Przybylski, Wojciech"]
[Black "Jakic, Ivan"]
[WhiteFideId "1117599"]
[BlackFideId "14504901"]
[WhiteElo "2560"]
[BlackElo "2460"]
[Result "1-0"]
[Round "8"]
[TimeControl "180+1"]
[Date "2023.08.15"]
[WhiteClock "0:00:10"]
[BlackClock "0:01:07"]
[Board "72"]

1. e4 c5 2. Nf3 d6 3. Bb5+ Nc6 4. O-O Bd7 5. Re1 Nf6 6. c3 a6 7. Bc4 e6 8. a4 Be7 9. d3 O-O 10. Bg5 h6 11. Bh4 Rb8 12. Bb3 b5 13. Nbd2 e5 14. axb5 axb5 15. Nf1 Be6 16. Ne3 Qd7 17. h3 Ra8 18. Bc2 d5 19. Bxf6 Bxf6 20. exd5 Bxd5 21. Nxd5 Qxd5 22. Qe2 Rxa1 23. Rxa1 b4 24. Nd2 bxc3 25. bxc3 g6 26. Bb3 Qd7 27. Ne4 Be7 28. Qf3 Kg7 29. Ra6 Nb8 30. Ra1 Qb7 31. Bc4 f5 32. Nd2 Qxf3 33. Nxf3 Bf6 34. Ra7+ Kh8 35. Rc7 e4 36. dxe4 fxe4 37. Nd2 Re8 38. Bf7 Re7 39. Rxe7 Bxe7 40. Bxg6 e3 41. fxe3 Nc6 42. Be4 Ne5 43. Kf2 Bf6 44. Ke2 Kg7 45. c4 Bg5 46. Bd5 Be7 47. Ne4 Ng6 48. Nd2 Ne5 49. Nf3 Ng6 50. g3 Kf6 51. h4 Ne5 52. Nd2 Ng4 53. Kf3 Ne5+ 54. Ke4 Ng4 55. Kf3 Ne5+ 56. Kf4 Nd3+ 57. Ke4 Ne5 58. Nb3 Ng4 59. Kf4 Ne5 60. g4 Ng6+ 61. Kg3 Bd6+ 62. Kh3 Ke5 63. Nd2 Kf6 64. Ne4+ Ke5 65. h5 Ne7 66. Nxd6 Kxd6 67. g5 Nf5 68. gxh6 Nxh6 69. Kh4 Nf5+ 70. Kg5 Ke5 71. h6 Nxe3 72. h7 Kd4 73. h8=Q+ Kd3 74. Qh7+ Kd2 75. Qh2+ Kd3 76. Qg3 Kd4 77. Qf4+ Kd3 78. Qe4+ Kd2 79. Kf4 Nc2 80. Qf3 Nd4 81. Qf2+ Kd3 82. Be4+ Kc3 83. Qf1 Nb3 84. Ke5 Nd4 85. Qd3+ Kb4 86. Kd5 Nb3 87. Qb1 Kc3 88. Qxb3+ Kxb3 89. Kxc5 Ka4 90. Bd5 Ka5 91. Kc6 Ka6 92. c5 Ka7 93. Kc7 Ka6 94. c6 Ka7 95. Be6 Ka6 96. Kd7 Ka7 97. c7 Kb6 98. c8=Q Ka7 99. Qc7+ Ka8 100. Bd5# 1-0


[Site "https://www.chess.com"]

[Event "Titled Tuesday Blitz August 15 Late 2023"]
[White "Hajiyev, Kanan"]
[Black "Kubatko, Ivan"]
[WhiteFideId "13404148"]
[BlackFideId "24111473"]
[WhiteElo "2548"]
[BlackElo "2452"]
[Result "0-1"]
[Round "8"]
[TimeControl "180+1"]
[Date "2023.08.15"]
[WhiteClock "0:02:12"]
[BlackClock "0:01:41"]
[Board "73"]

1. d4 d5 2. Nf3 Nf6 3. c4 e6 4. cxd5 exd5 5. Nc3 c5 6. Qc2 Nc6 7. Bg5 cxd4 8. Bxf6 gxf6 9. Nb1 Qb6 10. Nbd2 Nb4 11. Qa4+ Bd7 12. Qb3 Rc8 13. Rd1 Nc2+ 14. Qxc2 Rxc2 0-1


[Site "https://www.chess.com"]

[Event "Titled Tuesday Blitz August 15 Late 2023"]
[White "WindWhistler11"]
[Black "Postlmayer, Jakob"]
[BlackFideId "1643622"]
[WhiteElo "2447"]
[BlackElo "2540"]
[Result "0-1"]
[Round "8"]
[TimeControl "180+1"]
[Date "2023.08.15"]
[WhiteClock "0:00:00"]
[BlackClock "0:00:20"]
[Board "74"]

1. Nf3 d5 2. g3 Nf6 3. c4 e6 4. Bg2 Be7 5. O-O O-O 6. b3 b6 7. Bb2 Bb7 8. e3 Nbd7 9. Qe2 c5 10. d3 Rc8 11. Rd1 Qc7 12. Nbd2 Rfd8 13. e4 dxe4 14. dxe4 Ng4 15. h3 Nge5 16. Ne1 Nc6 17. f4 Nd4 18. Qf2 e5 19. f5 Bg5 20. Nef3 Bxd2 21. Nxd2 f6 22. Nf1 a6 23. Ne3 b5 24. Rac1 Nb6 25. Nd5 Bxd5 26. cxd5 Qd6 27. g4 h6 28. h4 Kf7 29. Kh1 a5 30. Bf1 b4 31. Qg3 a4 32. Bxd4 cxd4 33. g5 hxg5 34. hxg5 Rc3 35. Rxc3 bxc3 36. Qh3 fxg5 37. Qh5+ Ke7 38. Qxg5+ Qf6 39. Qg3 Rh8+ 40. Bh3 axb3 41. axb3 Qh6 42. Qxe5+ Kf7 43. Qe6+ Qxe6 44. dxe6+ Kf6 45. Kg2 Rxh3 46. Kxh3 c2 47. e5+ Ke7 48. Rg1 d3 49. Rxg7+ Kf8 50. Rf7+ Ke8 51. Rb7 c1=Q 52. Rb8+ Ke7 53. Rb7+ Kd8 54. Rxb6 Qe3+ 55. Kh4 Qxb6 56. Kg5 Ke7 0-1


[Site "https://www.chess.com"]

[Event "Titled Tuesday Blitz August 15 Late 2023"]
[White "Deng, Henry"]
[Black "ciroreva-CB"]
[WhiteFideId "30965454"]
[WhiteElo "2536"]
[BlackElo "2353"]
[Result "1-0"]
[Round "8"]
[TimeControl "180+1"]
[Date "2023.08.15"]
[WhiteClock "0:00:20"]
[BlackClock "0:00:00"]
[Board "75"]

1. e4 c5 2. Nc3 Nc6 3. Bb5 Nd4 4. Nf3 e6 5. O-O a6 6. Bd3 Nc6 7. a3 b5 8. Be2 Nd4 9. d3 Ne7 10. Nxd4 cxd4 11. Nb1 d5 12. exd5 Nxd5 13. Bf3 Bb7 14. Nd2 Bd6 15. g3 O-O 16. Nb3 Qb6 17. a4 Rac8 18. Bd2 e5 19. axb5 axb5 20. Bg2 Nb4 21. Bxb4 Bxb4 22. Bxb7 Qxb7 23. Nd2 Qc6 24. Rc1 Ra8 25. Qf3 Rfc8 26. Ne4 Ra2 27. c3 dxc3 28. bxc3 Be7 29. Rb1 g6 30. Qd1 Kg7 31. Qb3 Ra5 32. Rfc1 f5 33. Nd2 Ra3 34. Qxb5 Qxb5 35. Rxb5 Raxc3 36. Rxc3 Rxc3 37. Rxe5 Kf6 38. Rd5 Bb4 39. Nf3 g5 40. Kg2 g4 41. Nh4 Ke6 42. Rxf5 Rxd3 43. Rf4 Bc5 44. Rxg4 Rd2 45. Rf4 Ke5 46. Rf3 h5 47. Ng6+ Ke4 48. h4 Ra2 49. Nf4 Rb2 50. Nd3 Rb3 51. Nxc5+ 1-0


[Site "https://www.chess.com"]

[Event "Titled Tuesday Blitz August 15 Late 2023"]
[White "Fernandez Garcia, Gumersindo"]
[Black "subham777"]
[WhiteFideId "24516740"]
[WhiteElo "2408"]
[BlackElo "2535"]
[Result "0-1"]
[Round "8"]
[TimeControl "180+1"]
[Date "2023.08.15"]
[WhiteClock "0:00:00"]
[BlackClock "0:00:04"]
[Board "76"]

1. d4 d5 2. c4 e6 3. Nf3 Nf6 4. g3 Be7 5. Bg2 O-O 6. O-O dxc4 7. Ne5 Nc6 8. Bxc6 bxc6 9. Nxc6 Qe8 10. Nxe7+ Qxe7 11. Qa4 e5 12. dxe5 Qxe5 13. Qxc4 a5 14. Nc3 Ba6 15. Bf4 Qh5 16. Qxc7 Bxe2 17. Nxe2 Qxe2 18. Qe5 Qg4 19. Qg5 Qh3 20. Be5 h6 21. Qh4 Qxh4 22. gxh4 Ng4 23. Bc3 Rfe8 24. Rfe1 a4 25. h3 Nf6 26. Bxf6 gxf6 27. Kf1 Kg7 28. Rac1 Rxe1+ 29. Rxe1 Rb8 30. Re4 Rxb2 31. Rxa4 Kg6 32. Kg2 f5 33. Kg3 Rb1 34. f3 Rg1+ 35. Kf4 Rh1 36. Ra6+ f6 37. h5+ Kg7 38. Ra7+ Kf8 39. Kxf5 Rxh3 40. Kg6 Rxf3 41. Kxh6 Rg3 42. a4 f5 43. a5 f4 44. a6 Ra3 45. Ra8+ Kf7 46. a7 f3 47. Rh8 f2 48. Rh7+ Kf6 49. Rh8 Ke7 50. a8=Q Rxa8 51. Rxa8 f1=Q 52. Rg8 Kf7 53. Rg7+ Kf8 54. Rg6 Qf7 55. Kg5 Qe7+ 56. Kf5 Kf7 57. Kg4 Qe5 58. Rg5 Qe4+ 59. Kg3 Kf6 60. Rg4 Qe3+ 61. Kh4 Kf5 62. Rg3 Qf2 63. Kh3 Qf1+ 64. Kh4 Kf4 65. Rg4+ Kf3 66. Rg3+ Kf2 67. Rg4 Qh1+ 68. Kg5 Kf3 69. Rf4+ Ke3 70. Rg4 Qc1 71. h6 Kf3+ 72. Kh5 Qc8 73. Rg5 Kf4 74. h7 Qh8 75. Kg6 Qe8+ 76. Kh6 Qf8+ 77. Rg7 Kf5 0-1


[Site "https://www.chess.com"]

[Event "Titled Tuesday Blitz August 15 Late 2023"]
[White "Barwinska, Ewa"]
[Black "Kashefi, Amir Hosein"]
[WhiteFideId "21833761"]
[BlackFideId "12557935"]
[WhiteElo "2305"]
[BlackElo "2528"]
[Result "0-1"]
[Round "8"]
[TimeControl "180+1"]
[Date "2023.08.15"]
[WhiteClock "0:00:40"]
[BlackClock "0:00:30"]
[Board "77"]

1. e4 c5 2. Nf3 e6 3. c4 Nc6 4. Nc3 Nf6 5. Be2 Be7 6. d4 cxd4 7. Nxd4 a6 8. O-O Qc7 9. Be3 O-O 10. Kh1 d6 11. Rc1 b6 12. Nd5 exd5 13. cxd5 Nxe4 14. Rxc6 Qd7 15. Rxb6 Bf6 16. Bd3 Nc5 17. Bf5 Qd8 18. Rc6 Bxd4 19. Bxc8 Bxe3 20. Bf5 Bg5 21. b4 Nb7 22. Qc2 g6 23. f4 Bf6 24. Bd3 a5 25. Ba6 Rb8 26. Rc7 Nc5 27. bxc5 Qxc7 28. c6 Rb2 29. Qe4 Rfb8 30. f5 Kg7 31. fxg6 hxg6 32. h3 Qe7 33. Qf4 Rxa2 34. c7 Ra8 35. c8=Q Rxc8 36. Bxc8 a4 37. Bb7 a3 38. Bc6 Rb2 39. Qa4 a2 40. Ra1 Qe2 41. Rxa2 Rxa2 42. Qg4 Qxg4 43. hxg4 Ra1+ 44. Kh2 Be5+ 45. Kh3 Ra2 46. g3 Ra1 47. g5 Rh1+ 48. Kg4 Rg1 49. Kf3 Rxg3+ 50. Ke4 Rxg5 51. Bd7 Rg1 52. Kd3 Ra1 53. Kc4 Rc1+ 54. Kb5 Rd1 55. Bc6 Rc1 56. Kb6 Rc5 57. Kc7 g5 58. Kd7 f5 59. Ke8 g4 60. Bd7 Kf6 61. Bxf5 Kxf5 62. Kd7 Rxd5 63. Kc6 Rd2 64. Kd7 d5 65. Kd8 d4 66. Ke7 d3 67. Kf7 Bf4 68. Kg8 Ke4 69. Kf8 Bg3 70. Kg8 Bf2 71. Kg7 Be1 72. Kh7 g3 73. Kh6 g2 74. Kg6 Ra2 75. Kf7 Ra1 76. Ke8 Ke3 77. Ke7 Ke2 78. Ke6 Kd1 79. Ke5 Bd2 80. Kd4 Bc1 81. Kd5 d2 82. Kd6 g1=Q 83. Kc6 Qe1 84. Kc7 Ke2 85. Kb8 d1=Q 86. Kc8 Qdd2 87. Kb7 Qed1 88. Kb8 Bb2 89. Kc7 Q2c2+ 90. Kb6 Ra6+ 91. Kb7 Qc6+ 92. Kb8 Qd8# 0-1


[Site "https://www.chess.com"]

[Event "Titled Tuesday Blitz August 15 Late 2023"]
[White "Ardila, Oscar Humberto"]
[Black "Martin Barcelo, Carles"]
[WhiteFideId "4404742"]
[BlackFideId "24561444"]
[WhiteElo "2292"]
[BlackElo "2526"]
[Result "1-0"]
[Round "8"]
[TimeControl "180+1"]
[Date "2023.08.15"]
[WhiteClock "0:00:16"]
[BlackClock "0:00:00"]
[Board "78"]

1. d4 Nf6 2. c4 d6 3. Nc3 e6 4. Nf3 b6 5. e3 Bb7 6. Be2 g6 7. O-O Bg7 8. b3 O-O 9. Bb2 Nbd7 10. Rc1 Qe7 11. Qc2 a6 12. Rfd1 c5 13. a3 Rac8 14. Qb1 Rfd8 15. Qa1 Qf8 16. b4 Ne4 17. dxc5 dxc5 18. Nxe4 Bxe4 19. Ng5 Bb7 20. Bf3 Bxf3 21. Nxf3 Bxb2 22. Qxb2 Qg7 23. Qd2 Qf6 24. Qd6 Kg7 25. h3 h6 26. bxc5 bxc5 27. Qxa6 Ne5 28. Nxe5 Qxe5 29. Qa5 Qb2 30. Rb1 Rxd1+ 31. Rxd1 Qc2 32. Qd2 Qxc4 33. Qb2+ Kg8 34. Rc1 Qa4 35. Qc3 c4 36. Kh2 Ra8 37. Qd4 Qxa3 38. Rxc4 Qe7 39. Qc3 Rd8 40. Rc6 Qd7 41. g4 Qe7 42. Kg2 Qd7 43. Kg3 1-0


[Site "https://www.chess.com"]

[Event "Titled Tuesday Blitz August 15 Late 2023"]
[White "Fiorito, Joaquin"]
[Black "Janaszak, Dawid"]
[WhiteFideId "180173"]
[BlackFideId "1119206"]
[WhiteElo "2652"]
[BlackElo "2499"]
[Result "1-0"]
[Round "8"]
[TimeControl "180+1"]
[Date "2023.08.15"]
[WhiteClock "0:00:35"]
[BlackClock "0:00:00"]
[Board "79"]

1. d4 d5 2. c4 e6 3. Nc3 c5 4. cxd5 cxd4 5. Qxd4 Nc6 6. Qd1 exd5 7. Qxd5 Bd6 8. g3 Nf6 9. Qd1 Bf5 10. Bg2 Qe7 11. Nf3 Nb4 12. Nd4 Bd7 13. a3 Nc6 14. Nxc6 bxc6 15. O-O O-O 16. Bg5 Be5 17. Qc2 h6 18. Bd2 Rab8 19. Rad1 Rfe8 20. Rfe1 Be6 21. b4 c5 22. b5 Qc7 23. a4 c4 24. Bc6 Rec8 25. Ne4 Nd5 26. Nc5 c3 27. Nxe6 fxe6 28. Bc1 Nb4 29. Qe4 Nxc6 30. bxc6 c2 31. Qxc2 Qxc6 32. Qg6 Kh8 33. Be3 a5 34. h4 Qe8 35. Qe4 Bc3 36. Rf1 Rb4 37. Qf3 Rxa4 38. Rb1 Qf8 39. Qb7 Rb4 40. Qa6 Ra8 41. Qxe6 a4 42. Rbc1 Bf6 43. Bc5 Qb8 44. Bxb4 Qxb4 45. Rb1 Qd2 46. Rfd1 Qc2 47. Rbc1 Qb3 48. Qxb3 axb3 49. Rb1 b2 50. Kg2 Rc8 51. Rd2 Rc1 52. Rbxb2 Bxb2 53. Rxb2 Kh7 54. e4 Kg6 55. Rb5 Kf6 56. h5 Rc3 57. f4 Re3 58. Rb6+ Kf7 59. e5 Rd3 60. Kh3 Rd1 61. Kg4 1-0


[Site "https://www.chess.com"]

[Event "Titled Tuesday Blitz August 15 Late 2023"]
[White "Cnejev, Vladimir-Alexandru"]
[Black "Zampronha, Wladimir Camilo"]
[WhiteFideId "1260898"]
[BlackFideId "2103087"]
[WhiteElo "2568"]
[BlackElo "2265"]
[Result "1-0"]
[Round "8"]
[TimeControl "180+1"]
[Date "2023.08.15"]
[WhiteClock "0:00:03"]
[BlackClock "0:00:00"]
[Board "80"]

1. Nf3 Nf6 2. Rg1 d6 3. d4 c5 4. c3 cxd4 5. cxd4 Nc6 6. Nc3 Bf5 7. a3 Qd7 8. h3 e5 9. g4 exd4 10. Nxd4 Be6 11. e4 Be7 12. f4 Nxd4 13. Qxd4 O-O 14. f5 Bb3 15. Qb4 Bc2 16. Rg2 a5 17. Qd4 Bb3 18. Bb5 Qc7 19. Bf4 Qc5 20. Qxc5 dxc5 21. e5 Nd5 22. Nxd5 Bxd5 23. Rd2 Rfd8 24. O-O-O Bb3 25. Rxd8+ Rxd8 26. Rxd8+ Bxd8 27. Kd2 Bd5 28. Bf1 Bc7 29. Ke3 Kf8 30. h4 h6 31. g5 hxg5 32. hxg5 b6 33. Bb5 Ke7 34. f6+ gxf6 35. exf6+ Kd8 36. Bxc7+ Kxc7 37. g6 fxg6 38. Be8 Kd6 39. Kf4 Ke6 40. Kg5 Ke5 41. Bxg6 c4 42. f7 Bxf7 43. Bxf7 b5 44. a4 b4 45. Bxc4 Kd4 46. b3 1-0


[Site "https://www.chess.com"]

[Event "Titled Tuesday Blitz August 15 Late 2023"]
[White "Gamayev, Oleg"]
[Black "Buchenau, Frank"]
[WhiteFideId "2802813"]
[BlackFideId "4604350"]
[WhiteElo "2563"]
[BlackElo "2435"]
[Result "1-0"]
[Round "8"]
[TimeControl "180+1"]
[Date "2023.08.15"]
[WhiteClock "0:02:47"]
[BlackClock "0:00:16"]
[Board "81"]

1. d3 d5 2. e4 dxe4 3. dxe4 Qxd1+ 4. Kxd1 Nf6 5. f3 e5 6. Nd2 Be6 7. c3 a5 8. a4 Bc5 9. Bc4 Bxc4 10. Nxc4 Nbd7 11. Ne2 O-O 12. Kc2 Ne8 13. Rd1 Nd6 14. Nxd6 Bxd6 15. Bd2 Nc5 16. Nc1 Rfd8 17. Nb3 Nxb3 18. Kxb3 Bc5 19. Be1 Kf8 20. Kc2 Ke7 21. Rxd8 Rxd8 22. Rd1 Rxd1 23. Kxd1 g6 24. Kc2 f5 25. Kd3 Ke6 26. Kc4 Bg1 27. h3 c6 28. b4 Bb6 29. Bd2 h5 30. b5 f4 31. bxc6 bxc6 32. Be1 g5 33. Bd2 Kd6 34. Bc1 Ke6 35. Ba3 Kd7 36. Bf8 Ke6 37. Bh6 Kf6 38. Bf8 Ke6 39. Bc5 Bd8 40. Bf2 Kd6 41. Bg1 Bc7 42. Ba7 Bd8 43. Bb8+ 1-0


[Site "https://www.chess.com"]

[Event "Titled Tuesday Blitz August 15 Late 2023"]
[White "Rego, Pedro Filipe"]
[Black "Graif, William"]
[WhiteFideId "1904310"]
[BlackFideId "2609835"]
[WhiteElo "2425"]
[BlackElo "2547"]
[Result "0-1"]
[Round "8"]
[TimeControl "180+1"]
[Date "2023.08.15"]
[WhiteClock "0:00:10"]
[BlackClock "0:00:07"]
[Board "82"]

1. e4 e5 2. Nf3 Bc5 3. Bc4 Nf6 4. d3 Nc6 5. c3 d6 6. O-O a6 7. a4 Ba7 8. Nbd2 O-O 9. h3 Be6 10. Bxe6 fxe6 11. Qb3 Qe7 12. Qxb7 Qd7 13. Qb3 Nh5 14. Nc4 Rxf3 15. gxf3 Qf7 16. Be3 Qxf3 17. Qd1 Qxh3 18. Bxa7 Rf8 19. Ne3 Rf6 20. f4 Nxa7 21. Ng2 Rg6 22. Rf2 Nxf4 23. Qf3 Rxg2+ 24. Qxg2 Nxg2 25. Rxg2 Qe3+ 26. Kh1 Qh3+ 27. Kg1 Qe3+ 28. Kh1 Qxd3 29. Rf1 Qxe4 30. Kg1 h6 31. Rgf2 Nc6 32. Rf8+ Kh7 33. R8f7 Qg4+ 0-1


[Site "https://www.chess.com"]

[Event "Titled Tuesday Blitz August 15 Late 2023"]
[White "Cooklev, Steven"]
[Black "Golubev, Mikhail"]
[WhiteFideId "2050552"]
[BlackFideId "14100983"]
[WhiteElo "2423"]
[BlackElo "2546"]
[Result "0-1"]
[Round "8"]
[TimeControl "180+1"]
[Date "2023.08.15"]
[WhiteClock "0:00:24"]
[BlackClock "0:01:51"]
[Board "83"]

1. e4 c5 2. Nf3 d6 3. d4 Nf6 4. Nc3 cxd4 5. Nxd4 g6 6. Be3 Bg7 7. f3 a6 8. Qd2 Nbd7 9. h4 h5 10. O-O-O b5 11. Nc6 Qc7 12. Nb4 Bb7 13. Kb1 Rc8 14. Rc1 Nb6 15. Bxb5+ axb5 16. Nxb5 Qd8 17. e5 Nc4 18. Qe2 Nxe5 19. c4 O-O 20. Bd4 Qa5 21. a3 Nxc4 22. Qxe7 Qxb5 23. Bxf6 Qf5+ 0-1


[Site "https://www.chess.com"]

[Event "Titled Tuesday Blitz August 15 Late 2023"]
[White "Gasparyan, David"]
[Black "Baghdasaryan, Vahe"]
[WhiteFideId "13311980"]
[BlackFideId "13303139"]
[WhiteElo "2540"]
[BlackElo "2418"]
[Result "0-1"]
[Round "8"]
[TimeControl "180+1"]
[Date "2023.08.15"]
[WhiteClock "0:01:32"]
[BlackClock "0:00:12"]
[Board "84"]

1. e4 e5 2. Nf3 Nc6 3. Bb5 a6 4. Ba4 Nf6 5. d3 d6 6. O-O b5 7. Bb3 Na5 8. Nc3 Nxb3 9. axb3 Be7 10. Nxb5 Bg4 11. Na3 d5 12. h3 Bh5 13. exd5 Qxd5 14. Nc4 Nd7 15. Ra5 Qe6 16. Re1 f6 17. Bd2 g5 18. d4 g4 19. dxe5 gxf3 20. exf6 Qxf6 21. Rxh5 Rg8 22. g4 Qf7 23. Rf5 Qxf5 24. Bb4 Rxg4+ 25. Kf1 Rg1+ 26. Kxg1 Qg6+ 0-1


[Site "https://www.chess.com"]

[Event "Titled Tuesday Blitz August 15 Late 2023"]
[White "The_Straightforward_Rook"]
[Black "Musovic, Armin"]
[BlackFideId "939935"]
[WhiteElo "2418"]
[BlackElo "2533"]
[Result "0-1"]
[Round "8"]
[TimeControl "180+1"]
[Date "2023.08.15"]
[WhiteClock "0:01:56"]
[BlackClock "0:02:22"]
[Board "85"]

1. d4 d5 2. Nf3 c5 3. c4 Nf6 4. cxd5 cxd4 5. Qxd4 Qxd5 6. Nc3 Qxd4 7. Nxd4 a6 8. g3 e5 9. Nb3 Nc6 10. Bg2 Be6 11. Bg5 O-O-O 12. O-O Nd4 13. Nxd4 exd4 14. Bxf6 gxf6 15. Ne4 Be7 16. Rac1+ Kb8 17. Nc5 Bc8 18. a3 h5 19. h4 Rhe8 20. Bf3 Bf8 21. Bxh5 Re5 22. Nxa6+ bxa6 23. Bxf7 Rxe2 24. b4 d3 25. Rcd1 Bh3 0-1


[Site "https://www.chess.com"]